 Dungeon Crawl Stone Soup version 0.27-a0-686-gaed091b46b (webtiles) character file.

Game seed: 8352040686617830370

464 DarkShadow the Ruffian (level 6, -3/61 HPs)
             Began as a Troll Fighter on Mar 21, 2021.
             Was an Initiate of Gozag.
             Slain by Menkaure (15 damage)
             ... on level 5 of the Dungeon.
             The game lasted 00:16:36 (4349 turns).

DarkShadow the Ruffian (Troll Fighter)              Turns: 4349, Time: 00:16:37

Health: -3/61      AC:  5    Str: 25    XL:     6   Next: 80%
Magic:  5/5        EV:  9    Int: 10    God:    Gozag
Gold:   286        SH:  9    Dex: 11    Spells: 5/5 levels left

rFire    . . .     SeeInvis .     - Unarmed
rCold    . . .     Faith    .   b - +0 kite shield
rNeg     . . .     Spirit   .   a - +1 robe
rPois    .         Reflect  .   (helmet restricted)
rElec    .         Harm     .   (no cloak)
rCorr    .         Rampage  .   (gloves unavailable)
Will     .....                  (boots unavailable)
Stlth    +.........             (no amulet)
HPRegen  1.20/turn              g - +6 ring of intelligence
MPRegen  0.09/turn              (no ring)

@: no status effects
A: large, unfitting armour, claws 3, regeneration 1, shaggy fur 1, tough skin 1,
talons 1, blurry vision 1
a: Renounce Religion, Potion Petition, Call Merchant, Bribe Branch


You were on level 5 of the Dungeon.
You worshipped Gozag.
Gozag was aware of your devotion.
You visited 1 branch of the dungeon, and saw 5 of its levels.

You collected 333 gold pieces.
You paid 47 gold pieces to Gozag.

Inventory:

Missiles
 e - 5 boomerangs (quivered)
Armour
 a - a +1 robe (worn)
 b - a +0 kite shield (worn)
 j - a +0 chain mail of positive energy
Jewellery
 g - a +6 ring of intelligence (right claw)
Potions
 c - a potion of might
 d - a potion of magic
 f - 2 potions of curing
 h - a potion of degeneration
 k - a potion of attraction


   Skills:
 + Level 3.1 Fighting
 + Level 3.9 Dodging
 + Level 0.3 Stealth
 + Level 3.8 Shields
 + Level 4.5 Unarmed Combat


You had 5 spell levels left.
You didn't know any spells.
Your spell library contained the following spells:

 Spells                   Type           Power      Damage    Failure   Level
 Animate Skeleton         Necr           0%         N/A       75%         1
 Apportation              Tloc           0%         N/A       75%         1
 Beastly Appendage        Tmut           0%         N/A       75%         1
 Corona                   Hex            0%         N/A       75%         1
 Summon Small Mammal      Summ           0%         N/A       75%         1
 Wereblood                Tmut           0%         N/A       86%         2
 Confusing Touch          Hex            0%         N/A       98%         3
 Gell's Gravitas          Tloc           0%         N/A       98%         3
 Spider Form              Tmut/Pois      0%         N/A       98%         3
 Ice Form                 Ice/Tmut       0%         N/A       100%        4
 Petrify                  Tmut/Erth      0%         N/A       100%        4
 Blade Hands              Tmut           0%         N/A       100%        5
 Metabolic Englaciation   Hex/Ice        0%         N/A       100%        5
 Yara's Violent Unravell  Hex/Tmut       0%         3d3       100%        5


Dungeon Overview and Level Annotations

Branches:
Dungeon (5/15)
 Temple: D:4-7

Altars:
Gozag
Ru
Sif Muna
Uskayaw
Wu Jian

Annotations:
D:3 2 transporters, Zero's ghost, amateur GrCj
D:5 Menkaure


Innate Abilities, Weirdness & Mutations

You are too large for most types of armour.
You have claws for hands.
Your natural rate of healing is unusually fast.
You are covered in fur. (AC +1)
You have tough skin. (AC +1)
You have sharp toenails.
Scrolls take you a little longer to read.


Message History

You now have 275 gold pieces (gained 16).
There is a stone staircase leading down here.
Found 11 gold pieces.
Found a sacrificial altar of Ru.
There is a shimmering blue altar of Sif Muna here.
You now have 286 gold pieces (gained 11).
Menkaure, Prince of Dust comes into view.
Menkaure mumbles some strange words.
Menkaure seems to speed up.
Menkaure calls on the powers of darkness!
Your body is wracked with pain!
Menkaure hums in an indecipherable tongue.
A worm comes into view.
There is a shimmering blue altar of Sif Muna here.
Menkaure gestures at you while chanting.
Pain shoots through your body!
Menkaure gestures at you while chanting.
Pain shoots through your body!
Menkaure gestures at you while chanting.
Pain shoots through your body!
* * * LOW HITPOINT WARNING * * *
There is a stone staircase leading down here.
Menkaure calls on the powers of darkness!
Your body is wracked with pain!
* * * LOW HITPOINT WARNING * * *
You feel much better. Menkaure hits you!!
* * * LOW HITPOINT WARNING * * *
Menkaure gestures at you while chanting.
Pain shoots through your body!
* * * LOW HITPOINT WARNING * * *
You claw Menkaure!
Menkaure is heavily damaged.
Menkaure points at you and mumbles some strange words.
Pain shoots through your body!
* * * LOW HITPOINT WARNING * * *
You claw Menkaure! You claw Menkaure, but do no damage.
Menkaure is severely damaged.
Menkaure hits you!
You die...
Your body crumbles into a pile of gold.

#### .# ..# .#
#.###.#
######.#...##.#
#######<............#
+......@M...>..######
###########.#..#
#.#..# ##.####
####...### #...._...#
#........##
#.........#
..w....⌠....#


You could see Menkaure (fast).

Vanquished Creatures
  2 phantoms (D:4)
  A scorpion (D:4)
  A bullfrog skeleton (D:4)
  An orc wizard (D:3)
  3 worker ants (D:4)
  6 adders
  An ooze (D:2)
  A worm (D:2)
  2 dart slugs (D:1)
  A leopard gecko (D:3)
  7 orcs
  6 bats
  5 giant cockroaches
  2 goblins
  8 hobgoblins
  4 jackals (D:2)
  7 kobolds
  4 quokkas
  7 frilled lizards
  4 rats
73 creatures vanquished.

Notes
Turn   | Place    | Note
-------+----------+-------------------------------------------
     0 | D:1      | DarkShadow the Troll Fighter began the quest for the Orb.
     0 | D:1      | Reached XP level 1. HP: 22/22 MP: 0/0
   192 | D:1      | Reached XP level 2. HP: 14/29 MP: 1/1
  1022 | D:2      | Reached XP level 3. HP: 35/36 MP: 2/2
  1295 | D:2      | Reached XP level 4. HP: 44/44 MP: 3/3
  1695 | D:2      | Found an ornate altar of the Wu Jian Council.
  2156 | D:3      | Reached skill level 3 in Unarmed Combat
  2280 | D:3      | Reached XP level 5. HP: 53/53 MP: 4/4
  2353 | D:3      | Found a transporter.
  2354 | D:3      | Found a transporter.
  2355 | D:3      | Noticed Zero's ghost (amateur GrCj)
  2418 | D:3      | Found an opulent altar of Gozag.
  2425 | D:3      | Became a worshipper of Gozag Ym Sagoz the Greedy
  2517 | D:3      | Gained mutation: Your body sometimes deteriorates upon
                  | taking damage. [potion of mutation]
  2517 | D:3      | Gained mutation: Your mind is acute. (Int +2) [potion of
                  | mutation]
  2518 | D:3      | Lost mutation: Your body sometimes deteriorates upon taking
                  | damage. [potion of mutation]
  2518 | D:3      | Lost mutation: Your mind is acute. (Int +2) [potion of
                  | mutation]
  2518 | D:3      | Gained mutation: Scrolls take you a little longer to read.
                  | [potion of mutation]
  2518 | D:3      | Gained mutation: You have sharp toenails. [potion of
                  | mutation]
  2566 | D:3      | Identified the +6 great mace "Bijakagh" {distort, SInv}
  2566 | D:3      | Noticed an ogre
  3394 | D:4      | Reached XP level 6. HP: 61/61 MP: 5/5
  3445 | D:4      | Reached skill level 4 in Unarmed Combat
  3527 | D:4      | Found a hide-covered altar of Uskayaw.
  4299 | D:5      | Entered Level 5 of the Dungeon
  4302 | D:5      | Found a shimmering blue altar of Sif Muna.
  4319 | D:5      | Found a sacrificial altar of Ru.
  4328 | D:5      | Noticed Menkaure
  4349 | D:5      | Slain by Menkaure

Illustrated notes

Levels and vault maps discovered:
D:1:      scummos_arrival_star, layout_basic
D:2:      layout_basic, general_overflow_altar
D:3:      layout_basic, gammafunk_ghost_smash,
          nicolae_gozag_cash_rules_everything_around_me
D:4:      layout_basic, nicolae_uskayaw_dance_hall
D:5:      layout_basic, grunt_temple_overflow_open, uniq_menkaure, uniq_duvessa,
          uniq_eustachio

Skill      XL: |  1  2  3  4  5  6 |
---------------+-------------------+-----
Shields        | 3 |  3.8
Dodging        | 3 |  3.9
Unarmed Combat | 3 4 |  4.5
Fighting       | 3 |  3.1
Stealth        | |  0.3

Action                   |  1- 3 |  4- 6 || total
-------------------------+-------+-------++-------
Melee: Unarmed           |    78 |   136 ||   214
       Kick              |       |    19 ||    19
  Use: Scroll            |       |    15 ||    15
       Potion            |       |     3 ||     3
Armor: Robe              |    12 |    48 ||    60
Dodge: Dodged            |    29 |    51 ||    80
Block: Kite shield       |    27 |    71 ||    98

Table legend: (Time is in decaauts)
 A = Elapsed time spent in this place.
 B = Non-inter-level travel time spent in this place.
 C = Inter-level travel time spent in this place.
 D = Time resting spent in this place.
 E = Time spent auto-exploring this place.
 F = Levels seen in this place.
 G = Mean time per level.
                   A        B        C        D        E       F      G
               +--------+--------+--------+--------+--------+-----+--------+
         Total |   4375 |   4375 |      0 |    381 |   1598 |   5 |  875.0 |
       Dungeon |   4375 |   4375 |      0 |    381 |   1598 |   5 |  875.0 |
               +--------+--------+--------+--------+--------+-----+--------+

Top non-repeatable levels by time:
     D:4: 1221 daAuts
     D:3: 1110 daAuts
     D:2: 1014 daAuts
     D:1: 979 daAuts
     D:5: 49 daAuts
